 Dungeon Crawl Stone Soup version 0.25-a0-482-g9b3b753f3f (webtiles) character file.

Game seed: 9175648608528679280, levelgen mode: deterministic

63 DerDa the Magician (level 3, 0/19 HPs)
             Began as a Deep Elf Wizard on Feb 10, 2020.
             Succumbed to an adder's poison
             ... on level 2 of the Dungeon.
             The game lasted 00:04:15 (1286 turns).

DerDa the Magician (Deep Elf Wizard)                Turns: 1286, Time: 00:04:16

Health: 0/19       AC:  3    Str:  9    XL:     3   Next: 89%
Magic:  4/11       EV: 12    Int: 28    God:
Gold:   19         SH:  0    Dex: 13    Spells: 6/12 levels left

rFire    . . .     SeeInvis .   h - +0 club
rCold    + . .     Gourm    .   (no shield)
rNeg     . . .     Faith    .   c - +0 leather armour {rC+}
rPois    .         Spirit   .   b - +0 hat
rElec    .         Reflect  .   (no cloak)
rCorr    .         Harm     .   (no gloves)
MR       .....                  (no boots)
Stlth    ++........             (no amulet)
HPRegen  0.06/turn              (no ring)
MPRegen  0.12/turn              (no ring)

@: mighty, brilliant, lethally poisoned (0 -> -6), flying, very slightly
contaminated, hasted, invisible, very quick
A: no striking features
a: no special abilities


You were on level 2 of the Dungeon.
You were not hungry.

You visited 1 branch of the dungeon, and saw 2 of its levels.

You collected 19 gold pieces.

Inventory:

Hand Weapons
 h - a +0 club (weapon)
Missiles
 e - 79 stones (quivered)
Armour
 a - a +0 robe
 b - a +0 hat (worn)
 c - a +0 leather armour of cold resistance (worn)
Scrolls
 g - a scroll of enchant armour {unknown}
 k - 6 scrolls of identify {unknown}
 m - 4 scrolls of teleportation {unknown}
 n - 5 scrolls of remove curse {unknown}
Potions
 i - a potion of brilliance
Comestibles
 d - 3 rations
 f - 2 chunks of flesh


   Skills:
 + Level 3.0 Dodging
 - Level 2.4 Stealth
 * Level 5.3 Spellcasting
 * Level 2.7 Conjurations
   Level 1.1 Summonings
 - Level 1.1 Translocations
 + Level 0.4 Air Magic
 + Level 0.3 Poison Magic


You had 6 spell levels left.
You knew the following spells:

 Your Spells              Type           Power        Failure   Level  Hunger
a - Magic Dart            Conj           ####         1%          1    None
b - Mephitic Cloud        Conj/Pois/Air  ####....     2%          3    #......
q - Blink                 Tloc           N/A          1%          2    None

Your spell library contained the following spells:

 Spells                   Type           Power        Failure   Level  Hunger
 Call Imp                 Summ           ####....     1%          2    None
 Slow                     Hex            ###.....     1%          2    None
 Conjure Flame            Conj/Fire      ####....     1%          3    #......


Dungeon Overview and Level Annotations

Branches:
Dungeon (2/15)

Altars:


Message History

* * * LOW HITPOINT WARNING * * *
You feel sick.
It was a potion of brilliance.
You feel clever all of a sudden.
* * * LOW HITPOINT WARNING * * *
You feel sick.
It was a potion of haste.
You feel yourself speed up.
It was a potion of invisibility.
You fade into invisibility!
You are very lightly contaminated with residual magic.
It was a potion of might.
You feel very mighty all of a sudden.
* * * LOW HITPOINT WARNING * * *
You feel sick.
It was a potion of flight.
You feel very buoyant.
You fly up into the air.
* * * LOW HITPOINT WARNING * * *
You feel sick.
You die...

#........##
#...#.##..# #####
#.....###.# ##....
#......##.####.....
#...#......##......
#..÷.....#.##......
#..#####....#......
#..# #..#........
#.@# #..#÷##)....
#..)...#.<...##....
#..#?..#......#####
#..#$#.#.##........
##.# # #...#.##.###
#.......#.........
####.###.....#####
#..#.### # ...##. #


There were no monsters in sight!

Vanquished Creatures
  3 adders (D:2)
  5 bats
  12 giant cockroaches
  3 hobgoblins
  4 kobolds
  A frilled lizard (D:2)
  6 rats
34 creatures vanquished.

Notes
Turn   | Place    | Note
-------+----------+-------------------------------------------
     0 | D:1      | DerDa the Deep Elf Wizard began the quest for the Orb.
     0 | D:1      | Reached XP level 1. HP: 10/10 MP: 7/7
   205 | D:1      | Reached XP level 2. HP: 15/15 MP: 4/9
   826 | D:2      | Reached skill level 5 in Spellcasting
   942 | D:2      | Reached XP level 3. HP: 19/19 MP: 3/11
   965 | D:2      | Learned a level 3 spell: Mephitic Cloud
   968 | D:2      | Learned a level 2 spell: Blink
  1286 | D:2      | Succumbed to an adder's poison

Levels and vault maps discovered:
D:1:      scummos_arrival_simple_crosswalls, layout_rooms
D:2:      minmay_roachtagon, layout_rooms, minmay_split_cup_large, uniq_natasha

Skill      XL: |  1  2  3 |
---------------+----------+-----
Conjurations   | 2 |  2.7
Spellcasting   | 5 |  5.3
Dodging        | 3 |  3.0
Stealth        | |  2.4
Summonings     | |  1.1
Translocations | |  1.1
Air Magic      | |  0.4
Poison Magic   | |  0.3

Action                   || total
-------------------------++-------
Melee: Club              ||    24
 Cast: Magic Dart        ||    79
  Use: Potion            ||     5
  Eat: Chunk             ||     1
Armor: Robe              ||    14
       Leather armour    ||     2
Dodge: Dodged            ||    51

Table legend:
 A = Non-vault XP
 B = Vault XP
 C = Vault XP percentage of total XP
 D = Non-vault monster count
 E = Vault monster count
 F = Vault count percentage of total count
                 A         B        C        D         E       F
            +---------+---------+-------+---------+---------+-------
      Total |      38 |      53 |  58.2 |      19 |      15 |  44.1
            +---------+---------+-------+---------+---------+-------
        D:1 |      14 |       2 |  12.5 |      10 |       1 |   9.1
        D:2 |      24 |      51 |  68.0 |       9 |      14 |  60.9
            +---------+---------+-------+---------+---------+-------
